 Dungeon Crawl Stone Soup version 0.18-a0-33-g9e10395 (webtiles) character file.

494 MrRokkomies the Sneak (level 7, -4/57 HPs)
             Began as a Formicid Assassin on Nov 5, 2015.
             Was an Initiate of Ru.
             Slain by Joseph
             ... wielding a +1 quarterstaff of protection
              (6 damage)
             ... on level 10 of the Dungeon.
             The game lasted 00:06:02 (893 turns).

MrRokkomies the Sneak (Formicid Assassin)            Turns: 893, Time: 00:06:02

Health: -4/57      AC:  6    Str: 15    XL:     7   Next: 38%
Magic:  7/7        EV: 12    Int: 18    God:    Ru [......]
Gold:   25         SH:  0    Dex: 12    Spells: 0 memorised, 6 levels left

rFire  + . .     SeeInvis +     a - +2 dagger
rCold  + . .     Clarity  .     h - +0 ring mail
rNeg   . . .     SustAt   .     (no shield)
rPois  +         Gourm    .     (helmet unavailable)
rElec  +         Spirit   .     i - +0 cloak
rCorr  +         Warding  .     (no gloves)
rMut   .         Stasis   +     (no boots)
MR     .....                    (no amulet)
Stlth  ++........               (no ring)
                                (no ring)

@: brilliant, resistant, fainting, not resistant to hostile enchantments,
unstealthy
A: permanent stasis, dig shafts and tunnels, four strong arms, antennae 3
a: Dig, Shaft Self, Renounce Religion


You were on level 10 of the Dungeon.
You worshipped Ru.
Ru was noncommittal.
You were fainting.

You visited 2 branches of the dungeon, and saw 11 of its levels.

You collected 25 gold pieces.

Inventory:

Hand Weapons
 a - a +2 dagger (weapon)
 b - a +0 blowgun
Missiles
 c - 8 poisoned arrows
 e - 5 poisoned needles
 f - a curare-tipped needle
Armour
 d - a +0 cloak
 h - a +0 ring mail (worn)
 i - a +0 cloak (worn)
Potions
 k - a potion of haste


   Skills:
 * Level 5.7 Fighting
 - Level 2.0 Short Blades
 - Level 1.7 Throwing
 * Level 4.1 Dodging
 - Level 5.8 Stealth


You had 6 spell levels left.
You didn't know any spells.

Dungeon Overview and Level Annotations

Branches:
Dungeon (13/15)            Temple (1/1) D:5
   Lair: D:8-11         Orc: D:9-12      Vaults: D:13-14

Altars:
Ashenzari
Cheibriados
Kikubaaqudgha
Okawaru
Ru
Sif Muna
Trog

Annotations:
D:10 Joseph


Innate Abilities, Weirdness & Mutations

You are under a permanent stasis effect.
You can dig through walls and to a lower floor.
Your four strong arms can wield two-handed weapons with a shield.
You have a pair of large antennae on your head (SInv).


Message History

You barely miss the hungry ghost.
The hungry ghost is heavily damaged.
The hungry ghost misses you.
Joseph unwields an uncursed hunting sling of flaming.
It stops flaming.
Joseph wields an uncursed quarterstaff of protection.
Joseph hits you with an uncursed quarterstaff of protection!
* * * LOW HITPOINT WARNING * * *
You closely miss the hungry ghost.
The hungry ghost is heavily damaged.
The hungry ghost closely misses you.
You hit the hungry ghost but do no damage.
The hungry ghost is heavily damaged.
Joseph hits you with an uncursed quarterstaff of protection!
* * * LOW HITPOINT WARNING * * *
The hungry ghost hits you.
You feel slightly more hungry.
You barely miss the hungry ghost.
The hungry ghost is heavily damaged.
Joseph hits you with an uncursed quarterstaff of protection.
You die...

#@...... #.......
#...... #.....
..########.=# #
............# ..#
#......(.#####...#
#####....@......#
#..}.W@....##
#...######## #..##
#..# ##..##
###....######
#....>....).#
..........#####.
####.....##


You could see Joseph and a hungry ghost.

Vanquished Creatures
  A two-headed ogre (D:11)
  A sky beast (D:10)
  A scorpion (D:11)
  3 killer bees (D:12)
  A hound (D:5)
  An orc (D:8)
8 creatures vanquished.

Notes
Turn   | Place    | Note
--------------------------------------------------------------
     0 | D:1      | MrRokkomies the Formicid Assassin began the quest for the Orb.
     0 | D:1      | Reached XP level 1. HP: 16/16 MP: 1/1
     3 | D:1      | You fall through a shaft!
     6 | D:2      | You fall through a shaft!
     9 | D:3      | You fall through a shaft for 2 floors!
     9 | D:5      | Entered Level 5 of the Dungeon
     9 | D:5      | Noticed a hound
    24 | D:5      | Killed a hound
    24 | D:5      | Reached skill level 5 in Stealth
    24 | D:5      | Reached XP level 2. HP: 5/23 MP: 2/2
    24 | D:5      | Reached XP level 3. HP: 6/28 MP: 3/3
   291 | D:5      | Found a staircase to the Ecumenical Temple.
   298 | Temple   | Entered the Ecumenical Temple
   411 | Temple   | Became a worshipper of Ru the Awakened
   425 | D:5      | You fall through a shaft for 3 floors!
   425 | D:8      | Noticed a killer bee
   444 | D:8      | You fall through a shaft!
   444 | D:9      | Noticed an orc warrior
   444 | D:9      | Noticed a necrophage
   451 | D:9      | You fall through a shaft for 3 floors!
   520 | D:12     | Noticed a killer bee
   531 | D:12     | Killed a killer bee
   531 | D:12     | Reached skill level 1 in Dodging
   531 | D:12     | Reached XP level 4. HP: 33/35 MP: 4/4
   542 | D:12     | Reached XP level 5. HP: 38/42 MP: 5/5
   570 | D:12     | You fall through a shaft!
   648 | D:12     | Found an iron altar of Okawaru.
   694 | D:11     | Reached XP level 6. HP: 47/49 MP: 6/6
   705 | D:11     | Noticed a two-headed ogre
   720 | D:11     | Killed a two-headed ogre
   720 | D:11     | Reached skill level 5 in Fighting
   720 | D:11     | Reached XP level 7. HP: 52/56 MP: 7/7
   765 | D:11     | Noticed a centaur skeleton
   846 | D:10     | Entered Level 10 of the Dungeon
   846 | D:10     | Noticed a hungry ghost
   879 | D:10     | Noticed Joseph
   892 | D:10     | HP: 2/57 [Joseph/uncursed quarterstaff of protection (11)]
   893 | D:10     | Slain by Joseph

Vault maps used:
D:1:      sevenhm_arrival_forest_fort_small_6
D:2:      grunt_temple_overflow_order_and_chaos_2, tgw_fedhas,
          nicolae_qazlal_eye_of_the_storm, okawaru_ov_weapons_minmay
D:3:      old_standard_altar
D:5:      temple_statues, first_bread, serial_shops, kennysheep_mini,
          serial_park_tiny_1, uniq_duvessa
D:8:      lemuel_doored_altar, kennysheep_mini_moat,
          nicolae_overflow_hidden_temple, lair_0_dummy, uniq_prince_ribbit1
D:9:      serial_shops, kennysheep_little_box, hangedman_fish_farm, st_stairs_3,
          hangedman_abyss_or_decor_jellyfish_corner, minmay_misc_feat_doors
D:10:     minmay_distorted_concentric_squares, corexii_checkpoint_a, uniq_joseph
D:12:     orc_david_3, basic_altar, onia_ninara_cookie, uniq_erolcha
D:13:     uniq_frances, uniq_josephine
Temple:   circular_temple_6

Action                   |  1- 3 |  4- 6 |  7- 9 || total
-------------------------+-------+-------+-------++-------
Melee: Dagger            |     6 |       |    29 ||    35
 Fire: Blowgun           |     4 |     7 |       ||    11
 Abil: Shaft Self        |     6 |     1 |       ||     7
  Use: Potion            |       |       |     2 ||     2
 Stab: Sleeping          |     4 |     3 |     1 ||     8
  Eat: Bread ration      |       |     1 |       ||     1
